Map: Lost and Found LE

Players

DisK

  • Race: Protoss Protoss
  • Spawn Location: 1:00

Semper - Winner!

  • Race: Terran Terran
  • Spawn Location: 7:00

Event: WCS Montreal 2018

VOD

Have the link to the VOD?

Description

Time

  • Played on: Sept. 7, 2018, 3:58 p.m.
  • Length: 7:07

All games in this series

Show
View Real Time Build Order
Export as new Build Order

DisK Protoss 

Build Orders: Oracle Opening 

Get SALT Encoding   

  12  0:00  Probe  
  13  0:13  Probe  
  14  0:17  Pylon  
  14  0:25  Probe  
  15  0:35  Gateway  
  15  0:38  Probe  
  16  0:43  Assimilator  
  16  0:50  Probe  
  16  0:56  Pylon  
  17  1:02  Probe  
  18  1:14  Gateway  
  18  1:17  Probe  
  19  1:26  Probe, Cybernetics Core  
  20  1:34  Probe  
  21  1:44  Probe  
  22  1:53  Adept  
  21  2:03  Nexus  
  21  2:06  Warp Gate, Probe  
  24  2:11  Assimilator  
  24  2:16  Pylon  
  24  2:20  Adept  
  26  2:24  Probe  
  27  2:37  Probe  
  27  2:40  Stargate  
  28  2:45  Probe  
  29  2:53  Probe  
  30  3:04  Probe  
  31  3:13  Probe  
  31  3:16  Probe  
  31  3:19  Oracle  
  33  3:21  Probe  
  37  3:29  Probe  
  37  3:32  Probe  
  39  3:37  Gateway  
  39  3:38  Gateway  
  37  3:42  Probe  
  37  3:45  Probe  
  39  3:50  Pylon  
  39  3:54  Probe, Oracle  
  40  3:58  Probe  
  44  4:03  Assimilator  
  44  4:09  Probe  
  45  4:13  Stalker  
  45  4:14  Pylon  
  45  4:17  Probe  
  47  4:19  Probe  
  46  4:25  Probe  
  46  4:27  Probe  
  48  4:33  Probe, Twilight Council  
  48  4:36  Stalker x2  
  48  4:37  Stalker  
  55  4:45  Probe x2  
  55  4:46  Resonating Glaives  
  57  4:53  Nexus  
  57  4:56  Forge  
  57  5:02  Sentry x2  
  62  5:07  Probe, Assimilator  
  62  5:09  Pylon  
  62  5:11  Pylon  
  62  5:27  Pylon, Probe x2  
  64  5:29  Adept x3  
  70  5:39  Probe  
  70  5:40  Gateway  
  70  5:41  Gateway  
  68  5:46  Pylon  
  68  5:50  Adept x2  
  68  5:53  Adept  
  74  6:00  Probe  
  74  6:01  Probe  
  76  6:07  Gateway x2  
  76  6:14  Adept  
  76  6:16  Adept  
  76  6:18  Adept  
  82  6:27  Probe x2  
  82  6:28  Probe  
  85  6:36  Adept x4  
  85  6:38  Adept  
  77  6:56  Adept x3  
  77  6:57  Adept  
Show
View Real Time Build Order
Export as new Build Order

Semper Terran - Winner!

Build Orders: MMM Bio 

Get SALT Encoding   

  12  0:00  SCV  
  13  0:13  SCV  
  14  0:17  Supply Depot  
  14  0:25  SCV  
  15  0:39  SCV  
  15  0:40  Barracks  
  16  0:44  Refinery  
  16  0:51  SCV  
  17  1:03  SCV  
  18  1:15  SCV  
  19  1:27  Marine, Orbital Command  
  20  1:44  Marine  
  20  1:45  Command Center  
  21  1:52  Bunker  
  21  1:56  SCV  
  22  2:04  Supply Depot  
  22  2:06  Marine  
  23  2:19  Factory  
  23  2:25  Barracks Reactor  
  23  2:26  SCV  
  24  2:33  Refinery  
  24  2:38  SCV  
  25  2:50  SCV  
  26  2:57  Orbital Command  
  26  3:01  Marine x2  
  26  3:03  Widow Mine, Starport  
  26  3:04  SCV  
  31  3:16  SCV  
  31  3:19  Barracks, Marine  
  32  3:23  Marine  
  32  3:26  SCV  
  35  3:27  Widow Mine  
  35  3:32  SCV  
  38  3:39  Marine  
  38  3:40  SCV  
  38  3:41  Marine  
  40  3:44  Viking  
  43  3:49  SCV  
  43  3:53  Factory Tech Lab  
  44  3:57  Barracks  
  46  4:06  SCV  
  46  4:07  Supply Depot  
  46  4:08  SCV  
  46  4:11  Supply Depot  
  46  4:13  Engineering Bay  
  46  4:17  Stimpack  
  46  4:18  Factory Reactor, Starport Tech Lab  
  46  4:28  SCV x2, Marine x3  
  51  4:40  SCV x2  
  51  4:45  Starport Reactor, Terran Infantry Weapons Level 1  
  52  4:48  Supply Depot  
  52  4:49  Marine x2, Supply Depot  
  56  4:52  SCV x2  
  56  4:53  Combat Shields  
  56  4:59  Marauder, Refinery  
  58  5:04  Marauder, SCV  
  61  5:09  SCV  
  61  5:12  Supply Depot  
  62  5:14  Marine x2  
  62  5:15  Widow Mine  
  62  5:17  SCV  
  62  5:18  Widow Mine  
  62  5:21  SCV  
  70  5:24  Marauder  
  72  5:31  Marauder  
  72  5:32  SCV, Marine  
  76  5:38  Supply Depot  
  76  5:39  SCV  
  76  5:40  Marine, Refinery, Supply Depot  
  78  5:45  Medivac  
  78  5:46  Medivac  
  82  5:50  Marauder  
  82  5:51  SCV  
  82  5:55  Marine  
  82  5:56  Supply Depot  
  86  5:59  Marauder  
  86  6:01  Widow Mine  
  86  6:02  Widow Mine  
  92  6:10  Marine  
  93  6:11  Marauder  
  93  6:13  SCV  
  93  6:15  Medivac  
  98  6:19  Marine  
  98  6:21  Marauder  
  98  6:22  SCV  
  98  6:23  Supply Depot  
  98  6:25  SCV, Widow Mine x2  
  107  6:28  Marine  
  107  6:29  Medivac  
  110  6:35  Supply Depot  
  110  6:44  Marine x2  
  112  6:53  SCV  
  101  6:56  Barracks  
  101  6:57  Barracks  
Tags
 
Add a new tag
Caveats
  • Supply blocks, unpowered buildings, or Contaminate may cause inaccurate times.
  • Supply counts are checked every 10 seconds.